 Dungeon Crawl Stone Soup version 0.30-a0-743-gbfdf073431 (webtiles) character file.

Game seed: 1642606490778728354

3826 DEFE the Fighter (level 9, -4/79 HPs)
             Began as a Demonspawn Wanderer on Feb 7, 2023.
             Was a Priest of Okawaru.
             Slain by an orc warrior
             ... wielding a +0 glaive
              (16 damage)
             ... in a bailey on Feb 8, 2023.
             The game lasted 00:08:37 (6997 turns).

DEFE the Fighter (Demonspawn Wanderer)              Turns: 6997, Time: 00:08:37

Health: -4/79      AC:  8    Str: 19    XL:     9   Next: 97%
Magic:  13/13      EV: 10    Int: 11    God:    Okawaru [***...]
Gold:   251        SH:  0    Dex: 13    Spells: 8/8 levels left

rFire   . . .      SeeInvis .    u - +2 short sword (venom)
rCold   . . .      Faith    .    (no shield)
rNeg    . . .      Spirit   .    c - +0 ring mail
rPois   +          Reflect  .    (no helmet)
rElec   .          Harm     .    (no cloak)
rCorr   .          Rampage  .    (no gloves)
Will    .....                    (no boots)
Stlth   +                        (no amulet)
HPRegen 0.33/turn                m - ring of poison resistance
MPRegen 0.26/turn                (no ring)

@: no status effects
A: yellow scales 2, magic regeneration, demonic touch 1, screaming 1, sturdy
frame 1
a: Renounce Religion, Heroism


You were in a bailey.
You worshipped Okawaru.
Okawaru was most pleased with you.
You visited 1 branch of the dungeon, and saw 7 of its levels.
You also visited: Bailey.

You collected 396 gold pieces.
You spent 145 gold pieces at shops.

Inventory:

Hand Weapons
 a - a +2 sling
 b - a +0 spear
 o - a +2 antimagic scythe
 t - a +1 short sword of venom
 u - a +2 short sword of venom (weapon)
Armour
 c - a +0 ring mail (worn)
Jewellery
 m - a ring of poison resistance (left hand)
Wands
 r - a wand of flame (36)
Scrolls
 d - 7 scrolls of vulnerability
 f - a scroll of poison
 g - 4 scrolls of amnesia
 h - 2 scrolls of teleportation
 i - 4 scrolls of blinking
 n - a scroll of immolation
 p - a scroll of fog
 v - 2 scrolls of fear
 w - a scroll of acquirement {unknown}
 A - a scroll of enchant weapon {unknown}
 B - a scroll of silence {unknown}
Potions
 e - a potion of lignification
 j - 3 potions of curing
 k - a potion of haste
 l - a potion of heal wounds
 s - a potion of brilliance


   Skills:
 - Level 10.3 Fighting
 - Level 1.7 Polearms
 - Level 2.6 Ranged Weapons
 + Level 4.2 Armour
 - Level 1.0 Stealth
 + Level 7.4 Unarmed Combat
 + Level 5.3 Invocations


You had 8 spell levels left.
You didn't know any spells.
Your spell library contained the following spells:

 Spells                   Type           Power      Damage    Failure   Level
 Cigotuvi's Dreadful Rot  Necr/Pois/Air  0%         N/A       56%         2
 Ensorcelled Hibernation  Hex/Ice        0%         N/A       56%         2
 Poisonous Vapours        Pois/Air       0%         N/A       56%         2
 Mephitic Cloud           Conj/Pois/Air  0%         N/A       80%         3
 Spider Form              Tmut/Pois      0%         N/A       80%         3
 Anguish                  Hex/Necr       0%         N/A       99%         4


Dungeon Overview and Level Annotations

Branches:
Dungeon (7/15)             Temple (0/1) D:7          Bailey (1/1)

Altars:
Okawaru
Sif Muna

Shops:
D:3 ?   D:4 *

Annotations:
D:4 1 runed translucent door, Crazy Yiuf


Innate Abilities, Weirdness & Mutations

You are mostly covered in yellow scales. (AC +3)
You regenerate magic rapidly.
Your touch may inflict minor irresistible damage on your foes.
You occasionally shout uncontrollably at your foes.
Your movements are slightly less encumbered by armour. (ER -2)


Message History

You take 14 damage, and have 52/79 hp.
You hit the orc warrior but do no damage.
The orc warrior hits you with a +0 trident.
You hit the orc warrior.
You kill the orc warrior!
Okawaru accepts your kill.
No target in view!
No target in view!
You start resting.
MP restored: 13 You start resting.
An orc warrior is nearby!
You regained 3 hp, and now have 56/79 hp.
You hit the orc warrior.
The orc warrior is poisoned.
Your touch misses the orc warrior. Your punch misses the orc warrior.
The orc warrior hits you with a +0 glaive!
You take 10 damage, and have 46/79 hp.
You closely miss the orc warrior.
The orc warrior hits you with a +0 glaive.
You take 3 damage, and have 43/79 hp.
You hit the orc warrior.
The orc warrior looks as sick as possible!
The orc warrior barely misses you.
You closely miss the orc warrior.
You touch the orc warrior!
The orc warrior hits you with a +0 glaive!
You take 12 damage, and have 31/79 hp.
You are too injured to fight recklessly!
You are too injured to fight recklessly!
You are too injured to fight recklessly!
You hit the orc warrior but do no damage.
The orc warrior looks as sick as possible!
The orc warrior hits you with a +0 glaive!!
* * * LOW HITPOINT WARNING * * *
You take 19 damage, and have 12/79 hp.
MASSIVE DAMAGE!!
You hit the orc warrior.
The orc warrior looks as sick as possible!
Your punch misses the orc warrior.
The orc warrior hits you with a +0 glaive!
You die...

.##.# .....§§ ..# §.⌠o..≈
..# o⌠∩⌠§o. .## .o..o≈≈ ##
≈§≈≈. # ...
############+###'#########
........##.....##o........
~~~~~~~..##.∩.##@)~~~~~~~~
......~~..## ##).~~)......
#####..~~..###..~~..######
##..~~.....~~..##
##..~~~~~~~..##
##.........## ###########


You could see an orc warrior (extremely poisoned).

Vanquished Creatures
  Pikel (D:4)
  Grinder (D:5)
  Sigmund (D:2)
  Menkaure (D:6)
  Edmund (D:4)
  4 water moccasins
  4 orc warriors
  An ice beast (D:5)
  2 black bears
  An ogre (D:6)
  A centaur (D:6)
  A lemure (D:4)
  3 necrophages
  3 bullfrogs
  4 scorpions
  2 howler monkeys
  A hound (D:6)
  A jelly (D:6)
  3 orc priests
  Jessica (D:2)
  4 iguanas
  Ijyb (D:4)
  Natasha (thrice) (D:2)
  5 orc wizards
  Robin (D:4)
  12 adders
  7 gnolls
  A river rat (D:4)
  A white imp (D:5)
  An ufetubus (D:5)
  A dart slug (D:3)
  37 orcs
  5 ball pythons
  8 bats
  7 endoplasms
  3 giant cockroaches
  13 goblins
  7 hobgoblins
  9 jackals
  7 kobolds
  3 quokkas
  4 frilled lizards
  7 rats
184 creatures vanquished.

Notes
Turn   | Place    | Note
-------+----------+-------------------------------------------
     0 | D:1      | DEFE the Demonspawn Wanderer began the quest for the Orb.
     0 | D:1      | DEFE set off with the following items: a +2 sling, a +0
                  | spear, a +0 ring mail, a scroll of vulnerability.
     0 | D:1      | Reached XP level 1. HP: 16/16 MP: 1/1
   260 | D:1      | Gained mutation: You are partially covered in yellow
                  | scales. (AC +2) [demonic ancestry]
   260 | D:1      | Reached XP level 2. HP: 23/23 MP: 2/2
   338 | D:1      | Reached skill level 3 in Fighting
   937 | D:2      | Noticed Jessica
   941 | D:2      | Killed Jessica
   942 | D:2      | Reached skill level 4 in Fighting
   942 | D:2      | Reached XP level 3. HP: 30/30 MP: 3/3
  1106 | D:2      | Gained mutation: You are mostly covered in yellow scales.
                  | (AC +3) [demonic ancestry]
  1106 | D:2      | Reached XP level 4. HP: 38/38 MP: 4/4
  1133 | D:2      | Noticed Sigmund
  1144 | D:2      | Killed Sigmund
  1145 | D:2      | Reached skill level 6 in Fighting
  1145 | D:2      | Gained mutation: Your touch may inflict minor irresistible
                  | damage on your foes. [demonic ancestry]
  1145 | D:2      | Reached XP level 5. HP: 27/46 MP: 1/5
  1287 | D:2      | Noticed Natasha
  1291 | D:2      | Killed Natasha
  1292 | D:2      | Reached XP level 6. HP: 44/53 MP: 6/6
  1881 | D:2      | Noticed Natasha
  1891 | D:2      | Killed Natasha
  1954 | D:2      | Noticed Natasha
  1963 | D:2      | Killed Natasha
  2150 | D:3      | Found an iron altar of Okawaru.
  2154 | D:3      | Reached skill level 7 in Fighting
  2206 | D:3      | Became a worshipper of Warmaster Okawaru
  2381 | D:3      | Found Afuiclin's Magic Scroll Shop.
  2392 | D:3      | Bought a scroll of identify for 28 gold pieces
  2392 | D:3      | Bought a scroll of identify for 28 gold pieces
  2392 | D:3      | Bought a scroll of fear for 56 gold pieces
  2787 | D:4      | Noticed Edmund
  2963 | D:4      | Reached XP level 7. HP: 57/60 MP: 7/7
  2984 | D:4      | Found Ugess's General Store.
  2998 | D:4      | Bought a potion of curing for 33 gold pieces
  3034 | D:4      | Reached skill level 1 in Unarmed Combat
  3066 | D:4      | Noticed Robin
  3067 | D:4      | Noticed Ijyb
  3072 | D:4      | Killed Ijyb
  3093 | D:4      | Killed Robin
  3095 | D:4      | HP: 3/61 [Edmund/+4 dire flail of holy wrath (15)]
  3103 | D:4      | Killed Edmund
  3103 | D:4      | Reached * piety under Okawaru
  3104 | D:4      | Reached skill level 8 in Fighting
  3261 | D:4      | Noticed Pikel
  3288 | D:4      | Killed Pikel
  3289 | D:4      | Reached skill level 9 in Fighting
  3289 | D:4      | Reached XP level 8. HP: 14/71 MP: 6/8
  3385 | D:4      | Found a glowing drain.
  3834 | D:4      | Found a runed translucent door.
  3835 | D:4      | Noticed Crazy Yiuf
  4036 | D:5      | Entered Level 5 of the Dungeon
  4489 | D:5      | Reached skill level 5 in Unarmed Combat
  4561 | D:5      | Found a shimmering blue altar of Sif Muna.
  4602 | D:5      | Reached ** piety under Okawaru
  4787 | D:5      | Noticed Grinder
  4806 | D:5      | Reached skill level 10 in Fighting
  4806 | D:5      | Gained mutation: You regenerate magic rapidly. [demonic
                  | ancestry]
  4806 | D:5      | Reached XP level 9. HP: 65/77 MP: 7/9
  4815 | D:5      | Paralysed by Grinder for 4 turns
  4819 | D:5      | Killed Grinder
  5374 | D:6      | Reached skill level 1 in Invocations
  5439 | D:6      | Reached *** piety under Okawaru
  6110 | D:6      | Noticed Menkaure
  6111 | D:6      | Gained mutation: You occasionally shout uncontrollably at
                  | your foes. [potion of mutation]
  6111 | D:6      | Gained mutation: Your movements are slightly less
                  | encumbered by armour. (ER -2) [potion of mutation]
  6125 | D:6      | Killed Menkaure
  6576 | D:7      | Found a flagged portal.
  6583 | D:7      | Reached skill level 5 in Invocations
  6590 | Bailey   | Entered a bailey
  6997 | Bailey   | Slain by an orc warrior

Illustrated notes

Levels and vault maps discovered:
D:1:      dpeg_arrival_water_fire, layout_basic, minmay_tetromino_o2
D:2:      layout_loops_corners, minivault_25, chequers_serial_rivers_small_b,
          uniq_sigmund, uniq_natasha, uniq_jessica
D:3:      layout_basic, okawaru_trees_2, serial_shops, shop
D:4:      layout_loops_ring, portal_sewer_entry_e, serial_shops, shop_statue,
          nicolae_goblin_pals, uniq_crazy_yiuf_cottage, uniq_pikel, uniq_edmund
D:5:      layout_loops_ring, general_overflow_altar, led_sif_book, uniq_grinder,
          uniq_ijyb
D:6:      layout_basic, nicolae_elyvilon_peaceful_grove, uniq_menkaure
D:7:      layout_basic, nicolae_uskayaw_en_pointe, temple_statues,
          enter_bailey_2
Bailey:   bailey_polearm_1, bailey

Skill      XL: |  1  2  3  4  5  6  7  8  9 |
---------------+----------------------------+-----
Fighting       | 4 6 7 9 10 | 10.3
Unarmed Combat | 4 5 7 |  7.4
Armour         | 4 |  4.2
Invocations    | 5 |  5.3
Polearms       | |  1.7
Ranged Weapons | |  2.6
Stealth        | |  1.0

Action                     |  1- 3 |  4- 6 |  7- 9 || total
---------------------------+-------+-------+-------++-------
  Melee: Short sword       |       |    85 |   391 ||   476
         Touch             |       |    16 |    77 ||    93
         Punch             |       |     2 |    14 ||    16
   Fire: Sling             |    88 |    67 |       ||   155
 Invoke: Heroism           |       |       |     3 ||     3
  Evoke: Wand              |       |       |    14 ||    14
    Use: Scroll            |       |     7 |     3 ||    10
         Potion            |       |       |     7 ||     7
 Armour: Ring mail         |    27 |    70 |   173 ||   270
         Skin              |       |       |     2 ||     2
  Dodge: Dodged            |    26 |    61 |   197 ||   284

Table legend: (Time is in decaauts)
 A = Elapsed time spent in this place.
 B = Non-inter-level travel time spent in this place.
 C = Inter-level travel time spent in this place.
 D = Time resting spent in this place.
 E = Time spent auto-exploring this place.
 F = Levels seen in this place.
 G = Mean time per level.
                   A        B        C        D        E       F      G
               +--------+--------+--------+--------+--------+-----+--------+
         Total |   7046 |   6778 |    268 |   1225 |   4208 |   8 |  880.8 |
       Dungeon |   6633 |   6365 |    268 |    986 |   4135 |   7 |  947.6 |
        Bailey |    412 |    412 |      0 |    239 |     73 |   1 |  412.0 |
               +--------+--------+--------+--------+--------+-----+--------+

Top non-repeatable levels by time:
     D:4: 1256 daAuts
     D:2: 1236 daAuts
     D:5: 1233 daAuts
     D:6: 1201 daAuts
     D:1: 953 daAuts
     D:3: 652 daAuts
  Bailey: 412 daAuts
     D:7: 100 daAuts
